 Dungeon Crawl Stone Soup version 0.27.1-15-g792fb953b9 (webtiles) character file.

Game seed: 17148494251975458636

46 croobank the Sneak (level 3, 0/17 HPs)
             Began as a Felid Delver on Nov 19, 2021.
             Was a Plaything of Xom.
             Killed from afar by Jessica (8 damage)
             ... with a puff of flame
             ... on level 2 of the Dungeon.
             The game lasted 00:14:36 (2157 turns).

croobank the Sneak (Felid Delver)                   Turns: 2157, Time: 00:14:37

Health: 0/17       AC:  1    Str:  9    XL:     3   Next: 46%
Magic:  4/4        EV: 17    Int: 11    God:    Xom [..*...]
Gold:   62         SH:  0    Dex: 17    Spells: 2/2 levels left
                                        Lives:  0   Deaths: 0

rFire    . . .     SeeInvis +     - Unarmed
rCold    . . .     Faith    .   (shield unavailable)
rNeg     . . .     Spirit   .   (armour unavailable)
rPois    .         Reflect  .   (helmet unavailable)
rElec    .         Harm     .   (cloak unavailable)
rCorr    .         Rampage  .   (gloves unavailable)
Will     .....                  (boots unavailable)
Stlth    ++++......             (no amulet)
HPRegen  0.05/turn              (no ring)
MPRegen  0.09/turn              (no ring)

@: quick
A: very small, claws 1, fangs 3, see invisible, speed 1, shaggy fur 1, stealthy
paws, no weapons or thrown items, no armour, multi-lived
a: Renounce Religion


You were on level 2 of the Dungeon.
You worshipped Xom.
You were a toy of Xom.
You visited 1 branch of the dungeon, and saw 5 of its levels.

You collected 62 gold pieces.

Inventory:

Missiles
 c - 54 stones
Jewellery
 g - an amulet of faith
Scrolls
 a - 2 scrolls of fog
 b - a scroll of magic mapping
 d - a scroll of teleportation
Potions
 e - a potion of haste
 f - 3 potions of curing
 h - a potion of lignification {unknown}


   Skills:
 + Level 3.3 Fighting
 + Level 2.8 Dodging
 + Level 7.5 Stealth
 + Level 2.4 Unarmed Combat
 + Level 0.8 Evocations


You had 2 spell levels left.
You didn't know any spells.
Your spell library was empty.

Dungeon Overview and Level Annotations

Branches:
Dungeon (5/15)
 Temple: D:4-7

Altars:
Wu Jian
Xom

Annotations:
D:2 Jessica, Sigmund


Innate Abilities, Weirdness & Mutations

You have sharp claws.
You have razor-sharp teeth.
You have supernaturally acute eyesight. (SInv)
You cover ground quickly. (Speed+)
You are covered in fur. (AC +1)
Your paws help you pounce on unaware monsters.
You are incapable of wielding weapons or throwing items.
You cannot wear armour.
You gain extra lives every three experience levels.


Message History

You pounce on the unaware helpless frilled lizard!
You mangle the frilled lizard!!
You kill the frilled lizard!
You see here a frilled lizard corpse.
Found 21 arrows.
Xom smirks.
You detect nothing.
As you read the scroll labelled HEXUSHIAJYC, it crumbles to dust.
It is a scroll of brand weapon.
You aren't carrying any weapons that can be branded.
You see here a hobgoblin skeleton.
You see here a +0 club.
Done exploring.
(D) Dungeon
Where to? (? - help)
There is a stone staircase leading down here.
You climb downwards.
Level annotation: Sigmund
There is a stone staircase leading up here.
A frilled lizard is nearby!
The helpless frilled lizard fails to defend itself.
You mangle the frilled lizard!!
You kill the frilled lizard!
You see here a frilled lizard corpse.
Found a scroll of teleportation.
Found a stone staircase leading down.
d - a scroll of teleportation
There is a stone staircase leading down here.
Jessica the Apprentice Sorceress comes into view.
She is wielding a +0 dagger and carrying a wand of flame (6).
You barely miss Jessica. Your bite misses Jessica.
Jessica hits you with a +0 dagger.
You barely miss Jessica. Jessica barely misses you.
You scratch Jessica. You bite Jessica.
Jessica is almost dead.
Jessica hits you with a +0 dagger.
You scratch Jessica but do no damage.
Jessica is almost dead.
Jessica zaps a wand.
The puff of flame hits you!
You die... "It's all fun and games until someone loses an eye."

#######
###############.....#**********
.......>............+,,,,,,,,,*
#######.#######.@...#********,*
# #.# #..@..# *,** # #.#
#.....# *,,* # #.# #.....#
*#.#* # #.# #.....# *..* # #.#
#...### *#.# # #.# #...# #.. #
*,* #...# ####. # *,* *,,,*
#....


You could see Jessica.

Vanquished Creatures
  A worm (D:2)
  4 bats
  5 endoplasms
  3 giant cockroaches
  4 goblins (D:1)
  6 hobgoblins
  2 quokkas
  4 ball pythons (D:1)
  8 frilled lizards
  2 rats
39 creatures vanquished.

Notes
Turn   | Place    | Note
-------+----------+-------------------------------------------
     0 | D:5      | croobank the Felid Delver began the quest for the Orb.
     0 | D:5      | Reached XP level 1. HP: 10/10 MP: 2/2
    24 | D:5      | Found an ornate altar of the Wu Jian Council.
   101 | D:4      | Noticed a black bear
   349 | D:2      | Noticed Sigmund
   430 | D:2      | Reached skill level 7 in Stealth
   447 | D:2      | Reached XP level 2. HP: 14/14 MP: 3/3
  1400 | D:1      | Reached XP level 3. HP: 17/17 MP: 4/4
  1496 | D:1      | Found a faded altar of an unknown god.
  1509 | D:1      | Became a worshipper of Xom of Chaos
  1688 | D:1      | XOM: divination: magic mapping
  1785 | D:1      | XOM: silly message
  1831 | D:1      | XOM: butterfly on damage
  2075 | D:1      | XOM: divination: detect items
  2149 | D:2      | Noticed Jessica
  2157 | D:2      | Killed from afar by Jessica

Illustrated notes

Levels and vault maps discovered:
D:1:      dpeg_arrival_fog, layout_basic, ebering_ecumenical_altar_rust
D:2:      layout_basic, nrook_uturn, minmay_between, uniq_jessica, uniq_sigmund
D:3:      layout_loops_ring, nicolae_ru_sacrificial_ziggurat,
          kennysheep_generic_room_5, uniq_natasha
D:4:      layout_layer_cave, mainiacjoe_overflow_surrounded_room,
          minmay_temple_entry_nine_rooms
D:5:      layout_rooms, nicolae_wu_jian_wuxing_cycle, minmay_circle_x

Skill      XL: |  1 |
---------------+----+-----
Stealth        | 7 |  7.5
Fighting       | |  3.3
Dodging        | |  2.8
Unarmed Combat | |  2.4
Evocations     | |  0.8

Action                   || total
-------------------------++-------
Melee: Unarmed           ||   108
       Bite              ||     5
       Punch             ||     1
Evoke: Wand              ||     3
  Use: Potion            ||     2
       Scroll            ||     6
 Stab: Sleeping          ||    14
Armor: Skin              ||     6
Dodge: Dodged            ||    67
